3A
ALAMEDA AIRMEN @ IDAHO FALLS CHUKARS
05/31/2042
 
TOP OF THE 1ST
Alameda Airmen batting - Pitching for Idaho Falls Chukars : RHP Isaac Gunner
Pitching: RHP Isaac Gunner
Batting: RHB Sergio Estrada 0-0: Ball
1-0: Swinging Strike
1-1: Ball
2-1: Ball
3-1: Fly out, F9 (Flyball, 9LSF, EV 96.2 MPH)
Batting: RHB Roberto Berganza 0-0: Ball
1-0: Ball
2-0: Fly out, F8 (Line Drive, 8LD, EV 91.2 MPH)
Batting: LHB Xue-qin Chen 0-0: SINGLE (Groundball, 6D, EV 104.4 MPH)
Batting: RHB Héctor Heredice 0-0: Called Strike
0-1: Swinging Strike
0-2: Strikes out swinging
Top of the 1st over - 0 runs, 1 hit, 0 errors, 1 left on base; Alameda 0 - Idaho Falls 0
BOTTOM OF THE 1ST
Idaho Falls Chukars batting - Pitching for Alameda Airmen : RHP Javier Martínez
Pitching: RHP Javier Martínez
Batting: LHB Steve Jones 0-0: Called Strike
0-1: Foul Ball, location: 2F
0-2: SINGLE (Groundball, 34D, EV 98.8 MPH)
Batting: RHB Cor van Capelleveen 0-0: SINGLE (Groundball, 4MD, EV 100.6 MPH)
Steve Jones to second
Batting: SHB Gavin Okel 0-0: Ball
1-0: DOUBLE (Line Drive, 78XD, EV 102.5 MPH)
Steve Jones scores
Cor van Capelleveen to third
Batting: RHB Glenn Seals 0-0: Ball
1-0: Foul Ball, location: 2F
1-1: Fly out, F8 (Flyball, 78D, EV 90.6 MPH)
Runner from 3rd tags up, SCORES, throw by CF
Gavin Okel to third
Batting: LHB Taroemon Nishii 0-0: Ball
1-0: SINGLE (Line Drive, 9LS, EV 91.9 MPH)
Gavin Okel scores
Batting: RHB Nelson Moore 0-0: Ball
1-0: Foul Ball, location: 2F
1-1: Swinging Strike
1-2: Ball
2-2: Ball
3-2: Strikes out swinging
Batting: RHB Tony Moore 0-0: Ball
1-0: Foul Ball, location: 2F
1-1: Ball
2-1: Foul Ball, location: 2F
2-2: Strikes out swinging
Bottom of the 1st over - 3 runs, 4 hits, 0 errors, 1 left on base; Alameda 0 - Idaho Falls 3
TOP OF THE 2ND
Alameda Airmen batting - Pitching for Idaho Falls Chukars : RHP Isaac Gunner
Batting: LHB Desi Liñares 0-0: Called Strike
0-1: Swinging Strike
0-2: Ball
1-2: Strikes out swinging
Batting: RHB Millard Morris 0-0: Ball
1-0: Called Strike
1-1: Called Strike
1-2: Ball
2-2: Strikes out looking
Batting: LHB Aubrey Curry 0-0: Called Strike
0-1: Called Strike
0-2: Strikes out swinging
Top of the 2nd over - 0 runs, 0 hits, 0 errors, 0 left on base; Alameda 0 - Idaho Falls 3
BOTTOM OF THE 2ND
Idaho Falls Chukars batting - Pitching for Alameda Airmen : RHP Javier Martínez
Batting: RHB James Childs 0-0: Swinging Strike
0-1: Ball
1-1: Ball
2-1: Called Strike
2-2: Strikes out looking
Batting: RHB Nick Yeend 0-0: Ball
1-0: Ball
2-0: Ball
3-0: Called Strike
3-1: Ground out 4-3 (Groundball, 4, EV 84.4 MPH)
Batting: LHB Steve Jones 0-0: Ball
1-0: Ground out 5-3 (Groundball, 56, EV 88.1 MPH)
Bottom of the 2nd over - 0 runs, 0 hits, 0 errors, 0 left on base; Alameda 0 - Idaho Falls 3
TOP OF THE 3RD
Alameda Airmen batting - Pitching for Idaho Falls Chukars : RHP Isaac Gunner
Batting: RHB Nelson Sánchez 0-0: Fly out, F9 (Flyball, 9, EV 88.8 MPH)
Batting: LHB Hans Filemonsen 0-0: Ball
1-0: Ground out 1-3 (Groundball, 34S, EV 88.8 MPH)
Batting: RHB Sergio Estrada 0-0: Fly out, F8 (Flyball, 8RD, EV 100.0 MPH)
Top of the 3rd over - 0 runs, 0 hits, 0 errors, 0 left on base; Alameda 0 - Idaho Falls 3
BOTTOM OF THE 3RD
Idaho Falls Chukars batting - Pitching for Alameda Airmen : RHP Javier Martínez
Batting: RHB Cor van Capelleveen 0-0: Ball
1-0: Ball
2-0: Ball
3-0: Base on Balls
Batting: SHB Gavin Okel 0-0: Ball
1-0: SINGLE (Groundball, 15S, EV 63.1 MPH) (infield hit)
Cor van Capelleveen to second
Batting: RHB Glenn Seals 0-0: Foul Ball, location: 2F
0-1: Ball
1-1: Foul Ball, location: 2F
1-2: SINGLE (Groundball, 4D, EV 94.4 MPH)
Cor van Capelleveen to third
Gavin Okel to second
Runner from 3rd tries for Home, SAFE, throw by CF to home
Batting: LHB Taroemon Nishii 0-0: Foul Ball, location: 2F
0-1: Grounds into double play, 5-4-3 (Groundball, 5, EV 89.4 MPH)
Gavin Okel to third
Batting: RHB Nelson Moore 0-0: Ball
1-0: Ball
2-0: Foul Ball, location: 2F
2-1: Ball
3-1: Foul Ball, location: 2F
3-2: Strikes out swinging
Bottom of the 3rd over - 1 run, 2 hits, 0 errors, 1 left on base; Alameda 0 - Idaho Falls 4
TOP OF THE 4TH
Alameda Airmen batting - Pitching for Idaho Falls Chukars : RHP Isaac Gunner
Batting: RHB Roberto Berganza 0-0: Swinging Strike
0-1: Called Strike
0-2: Foul Ball, location: 2F
0-2: Strikes out looking
Batting: LHB Xue-qin Chen 0-0: SINGLE (Line Drive, 6M, EV 96.2 MPH)
Batting: RHB Héctor Heredice 0-0: Ball
1-0: Foul Ball, location: 2F
1-1: Swinging Strike
1-2: Strikes out swinging
Batting: LHB Desi Liñares 0-0: Ball
1-0: Ball
2-0: Called Strike
2-1: Foul Ball, location: 2F
2-2: Foul Ball, location: 2F
2-2: Ball
3-2: Strikes out swinging
Top of the 4th over - 0 runs, 1 hit, 0 errors, 1 left on base; Alameda 0 - Idaho Falls 4
BOTTOM OF THE 4TH
Idaho Falls Chukars batting - Pitching for Alameda Airmen : RHP Javier Martínez
Batting: RHB Tony Moore 0-0: Called Strike
0-1: SINGLE (Line Drive, 89S, EV 105.0 MPH)
Batting: RHB James Childs 0-0: Ball
1-0: Called Strike
1-1: Ball
2-1: SINGLE (Groundball, 3L, EV 101.2 MPH) (infield hit)
Tony Moore to second
Batting: RHB Nick Yeend 0-0: Swinging Strike
0-1: Ball
1-1: Swinging Strike
1-2: Ball
2-2: Ball
3-2: Strikes out swinging
Batting: LHB Steve Jones 0-0: Ball
1-0: Foul Ball, location: 2F
1-1: Ball
2-1: SINGLE (Groundball, 13S, EV 63.1 MPH) (infield hit)
Tony Moore to third
James Childs to second
Batting: RHB Cor van Capelleveen 0-0: Swinging Strike
0-1: Ball
1-1: GRAND SLAM HOME RUN (Flyball, 78XD, EV 106.2 MPH), Distance : 433 ft
Pitching: RHP Paul Johnson
Batting: SHB Gavin Okel 0-0: Foul Ball, location: 2F
0-1: SOLO HOME RUN (Flyball, 89XD, EV 110.6 MPH), Distance : 426 ft
Batting: RHB Glenn Seals 0-0: Ball
1-0: Ball
2-0: Ground out 3-1 (Groundball, 34, EV 90.6 MPH)
Batting: LHB Taroemon Nishii 0-0: Called Strike
0-1: Ball
1-1: Foul Ball, location: 2F
1-2: Foul Ball, location: 2F
1-2: Strikes out looking
Bottom of the 4th over - 5 runs, 5 hits, 0 errors, 0 left on base; Alameda 0 - Idaho Falls 9
TOP OF THE 5TH
Alameda Airmen batting - Pitching for Idaho Falls Chukars : RHP Isaac Gunner
Batting: RHB Millard Morris 0-0: Ball
1-0: Ball
2-0: Fly out, F7 (Flyball, 7S, EV 88.8 MPH)
Batting: LHB Aubrey Curry 0-0: Ball
1-0: Called Strike
1-1: Fly out, F8 (Flyball, 78S, EV 91.2 MPH)
Batting: RHB Nelson Sánchez 0-0: Ball
1-0: Foul Ball, location: 2F
1-1: Foul Ball, location: 2F
1-2: Ball
2-2: Fly out, F8 (Flyball, 89S, EV 90.0 MPH)
Top of the 5th over - 0 runs, 0 hits, 0 errors, 0 left on base; Alameda 0 - Idaho Falls 9
BOTTOM OF THE 5TH
Idaho Falls Chukars batting - Pitching for Alameda Airmen : RHP Paul Johnson
Batting: RHB Nelson Moore 0-0: Called Strike
0-1: Ball
1-1: Ball
2-1: Ball
3-1: Base on Balls
Batting: RHB Tony Moore 0-0: Called Strike
0-1: SINGLE (Groundball, 6MD, EV 96.9 MPH)
Nelson Moore to second
Batting: RHB James Childs 0-0: Ball
1-0: Foul Ball, location: 2F
1-1: Foul Ball, location: 2F
1-2: Fielders Choice at 2nd, 3-6 (Groundball, 34S, EV 93.1 MPH)
Nelson Moore to third
Batting: RHB Nick Yeend 0-0: Ball
1-0: Ball
2-0: Foul Ball, location: 2F
2-1: Foul Ball, location: 2F
2-2: Foul Ball, location: 2F
2-2: Strikes out swinging
Batting: LHB Steve Jones 0-0: Called Strike
0-1: Ball
1-1: Fly out, F8 (Line Drive, 8RM, EV 91.2 MPH)
Bottom of the 5th over - 0 runs, 1 hit, 0 errors, 2 left on base; Alameda 0 - Idaho Falls 9
TOP OF THE 6TH
Alameda Airmen batting - Pitching for Idaho Falls Chukars : RHP Isaac Gunner
Batting: LHB Hans Filemonsen 0-0: Ball
1-0: SINGLE (Line Drive, 34, EV 93.8 MPH)
Batting: RHB Sergio Estrada 0-0: Foul Ball, location: 2F
0-1: Fielders Choice at 2nd, 1-4 (Groundball, P, EV 65.0 MPH)
Batting: RHB Roberto Berganza 0-0: Grounds into double play, 6-4-3 (Groundball, 6, EV 91.9 MPH)
Top of the 6th over - 0 runs, 1 hit, 0 errors, 0 left on base; Alameda 0 - Idaho Falls 9
BOTTOM OF THE 6TH
Idaho Falls Chukars batting - Pitching for Alameda Airmen : RHP Paul Johnson
Batting: RHB Cor van Capelleveen 0-0: Called Strike
0-1: Called Strike
0-2: Strikes out swinging
Batting: SHB Gavin Okel 0-0: Called Strike
0-1: Swinging Strike
0-2: Ball
1-2: Ball
2-2: Ball
3-2: Foul Ball, location: 2F
3-2: DOUBLE (Line Drive, 8RXD, EV 101.2 MPH)
Batting: RHB Glenn Seals 0-0: Swinging Strike
0-1: Swinging Strike
0-2: Ball
1-2: SINGLE (Line Drive, 7LM, EV 108.8 MPH)
Gavin Okel to third
Runner from 3rd tries for Home, SAFE, no throw by LF
Pitching: LHP Bill Zimmerman
Batting: LHB Taroemon Nishii 0-0: Ball
1-0: Foul Ball, location: 2F
1-1: Ball
2-1: Called Strike
2-2: Strikes out looking
Batting: RHB Nelson Moore 0-0: Called Strike
0-1: Reached on error, E6 (Groundball, 6, EV 85.6 MPH)
Glenn Seals to second
Batting: RHB Tony Moore 0-0: Fly out, F6 (Line Drive, 6, EV 67.5 MPH)
Bottom of the 6th over - 1 run, 2 hits, 1 error, 2 left on base; Alameda 0 - Idaho Falls 10
TOP OF THE 7TH
Alameda Airmen batting - Pitching for Idaho Falls Chukars : RHP Isaac Gunner
Batting: LHB Xue-qin Chen 0-0: Ball
1-0: Foul Ball, location: 2F
1-1: Ball
2-1: Foul Ball, location: 2F
2-2: Ball
3-2: DOUBLE (Flyball, 8RXD, EV 104.4 MPH)
Pinch Hitting: RHB César Jiménez 0-0: Ball
Wild Pitch!
Xue-qin Chen to third
1-0: Foul Ball, location: 2F
1-1: Foul Ball, location: 2F
1-2: Foul Ball, location: 2F
1-2: Ground out 6-3 (Groundball, 6, EV 96.9 MPH)
Xue-qin Chen scores
Batting: LHB Desi Liñares 0-0: Fly out, F8 (Flyball, 78S, EV 84.4 MPH)
Batting: RHB Millard Morris 0-0: Called Strike
0-1: Ball
1-1: Foul Ball, location: 2F
1-2: Foul Ball, location: 2F
1-2: Ground out 1-3 (Groundball, 13, EV 82.5 MPH)
Top of the 7th over - 1 run, 1 hit, 0 errors, 0 left on base; Alameda 1 - Idaho Falls 10
BOTTOM OF THE 7TH
Idaho Falls Chukars batting - Pitching for Alameda Airmen : LHP Bill Zimmerman
Now at SS: César Jiménez
Batting: RHB James Childs 0-0: Foul Ball, location: 2F
0-1: SINGLE (Groundball, 6MD, EV 96.2 MPH)
Batting: RHB Nick Yeend 0-0: Fielders Choice at 2nd, 6-4 (Groundball, 6, EV 93.8 MPH)
Pinch Hitting: RHB Vincent Robertson 0-0: Ball
1-0: Ball
2-0: Called Strike
2-1: Foul Ball, location: 2F
2-2: Foul Ball, location: 2F
2-2: Foul Ball, location: 2F
2-2: Ball
3-2: Base on Balls
Nick Yeend to second
Pitching: RHP José Juárez
Pinch Hitting: RHB Greg Howard 0-0: Ball
1-0: Foul Ball, location: 2F
1-1: Fielders Choice at 2nd, 6-4 (Groundball, 6, EV 81.2 MPH)
Nick Yeend to third
Pinch Hitting: RHB Kien Thum 0-0: Ball
1-0: Ball
2-0: Ball
3-0: Called Strike
3-1: Foul Ball, location: 2F
3-2: Ground out U3 (Groundball, 34, EV 78.1 MPH)
Bottom of the 7th over - 0 runs, 1 hit, 0 errors, 2 left on base; Alameda 1 - Idaho Falls 10
TOP OF THE 8TH
Alameda Airmen batting - Pitching for Idaho Falls Chukars : RHP Isaac Gunner
Now at 2B: Greg Howard
Now in LF: Alberto Medellín
Now in CF: Kien Thum
Batting: LHB Aubrey Curry 0-0: Foul Ball, location: 2F
0-1: Foul Ball, location: 2F
0-2: Strikes out swinging
Batting: RHB Nelson Sánchez 0-0: Called Strike
0-1: Ball
1-1: Swinging Strike
1-2: Ball
2-2: Strikes out swinging
Batting: LHB Hans Filemonsen 0-0: Ball
1-0: Ball
2-0: Foul Ball, location: 2F
2-1: Ball
3-1: Fly out, F8 (Flyball, 8RD, EV 91.9 MPH)
Top of the 8th over - 0 runs, 0 hits, 0 errors, 0 left on base; Alameda 1 - Idaho Falls 10
BOTTOM OF THE 8TH
Idaho Falls Chukars batting - Pitching for Alameda Airmen : RHP José Juárez
Batting: RHB Glenn Seals 0-0: Called Strike
0-1: Ball
1-1: Called Strike
1-2: Ball
2-2: Foul Ball, location: 2F
2-2: Fly out, F6 (Popup, 6M, EV 66.9 MPH)
Batting: LHB Taroemon Nishii 0-0: SINGLE (Groundball, 4MD, EV 105.0 MPH)
Batting: RHB Nelson Moore 0-0: SINGLE (Line Drive, 34D, EV 98.1 MPH)
Taroemon Nishii to second
Pitching: RHP Héctor Salazar
Batting: RHB Tony Moore 0-0: Ball
1-0: Ball
2-0: Ball
3-0: Called Strike
3-1: Swinging Strike
3-2: Strikes out looking
Batting: RHB James Childs 0-0: Called Strike
0-1: Ball
1-1: Ball
2-1: Foul Ball, location: 2F
2-2: Ball
3-2: Fly out, F8 (Flyball, 8LM, EV 91.2 MPH)
Bottom of the 8th over - 0 runs, 2 hits, 0 errors, 2 left on base; Alameda 1 - Idaho Falls 10
TOP OF THE 9TH
Alameda Airmen batting - Pitching for Idaho Falls Chukars : RHP Isaac Gunner
Batting: RHB Sergio Estrada 0-0: Ball
1-0: Fly out, F8 (Line Drive, 8RD, EV 110.0 MPH)
Batting: RHB Roberto Berganza 0-0: Ball
1-0: Called Strike
1-1: Ground out 1-3 (Groundball, 13S, EV 77.5 MPH)
Batting: LHB Xue-qin Chen 0-0: Swinging Strike
0-1: Swinging Strike
0-2: Strikes out looking
Top of the 9th over - 0 runs, 0 hits, 0 errors, 0 left on base; Alameda 1 - Idaho Falls 10
Friday, March 26th, 2021 - OOTP Baseball 20.8 Build 74